 Dungeon Crawl Stone Soup version 0.18.1-8-gdd0e5ea (webtiles) character file.

79 Firecrotchwizard the Poker (level 4, -6/34 HPs)
             Began as a Demonspawn Gladiator on June 9, 2016.
             Killed by divine providence
             ... invoked by an orc priest
              (13 damage)
             ... on level 3 of the Dungeon.
             The game lasted 00:05:56 (1530 turns).

Firecrotchwizard the Poker (Demonspawn Gladiator)   Turns: 1530, Time: 00:05:59

Health: -6/34      AC:  9    Str: 17    XL:     4   Next: 17%
Magic:  4/4        EV:  5    Int:  9    God:
Gold:   73         SH:  8    Dex: 13    Spells: 0 memorised, 3 levels left

rFire  . . .     SeeInvis .     a - +0 trident
rCold  . . .     Gourm    .     q - +0 chain mail
rNeg   . . .     Faith    .     i - +0 shield
rPois  .         Spirit   .     c - +0 helmet
rElec  .         Dismiss  .     (no cloak)
rCorr  .         Reflect  .     (no gloves)
SustAt .         Harm     .     (no boots)
MR     .....                    (no amulet)
Stlth  ..........               (no ring)
                                (no ring)

@: not resistant to hostile enchantments, extremely unstealthy
A: hooves 1, powered by death 2
a: no special abilities


You were on level 3 of the Dungeon.
You were full.

You visited 1 branch of the dungeon, and saw 3 of its levels.

You collected 73 gold pieces.

Inventory:

Hand Weapons
 a - a +0 trident (weapon)
Missiles
 d - 3 throwing nets (quivered)
Armour
 b - a +0 leather armour
 c - a +0 helmet (worn)
 i - a +0 shield (worn)
 q - a +0 chain mail (worn)
Jewellery
 r - an uncursed ring of resist corrosion {unknown}
Wands
 u - a wand of random effects (18/48)
 w - a wand of iceblast (9/15)
Scrolls
 e - 2 scrolls of remove curse {unknown}
 l - 2 scrolls of teleportation {unknown}
 o - a scroll of noise {unknown}
 x - 4 scrolls of immolation {unknown}
Potions
 g - a potion of heal wounds {unknown}
 h - a potion of brilliance {unknown}
 j - 2 potions of might {unknown}
 k - a potion of resistance {unknown}
 n - a potion of berserk rage {unknown}
 p - a potion of degeneration {unknown}
 s - 2 potions of curing {unknown}
Comestibles
 f - 3 bread rations
 m - 2 meat rations
 t - a beef jerky
 v - a royal jelly
 z - 5 fruits


   Skills:
 + Level 2.3 Fighting
 + Level 3.3 Polearms
 + Level 1.9 Throwing
 + Level 0.8 Armour
 + Level 3.3 Dodging
 + Level 1.0 Shields


You had 3 spell levels left.
You didn't know any spells.

Dungeon Overview and Level Annotations

Branches:
Dungeon (3/15)

Altars:


Innate Abilities, Weirdness & Mutations

You have large cloven feet.
You regenerate health from kills.


Message History

The orc priest is heavily wounded.
The orc priest mumbles some strange prayers to Beogh against you.
Pain shoots through your body!
You hit the orc priest.
You kick the orc priest, but do no damage.
The orc priest is almost dead.
You block the orc priest's attack.
You hit the orc priest but do no damage.
You kick the orc priest, but do no damage.
The orc priest is almost dead.
You feel less regenerative.
The orc priest hits you but does no damage.
You closely miss the orc priest.
The orc priest is almost dead.
The orc priest invokes the aid of Beogh against you.
Pain shoots through your body!
* * * LOW HITPOINT WARNING * * *
The orc priest invokes the aid of Beogh against you.
Beogh smites you!
You die...

...# ...# ... ..# ..# #
..# ## #.# #.####..# .#
#.... #..@o(..# .# .....#
#####(?.## .##.##..###
##.....## ###.##..#.##
##.......#
###.##.....####.........#
..............'.........+
[...##.....##.#.........#
##..##....###.##.......##
##†.##...####.###.....##


You could see an orc priest.

Vanquished Creatures
  An orc priest (D:3)
  An adder (D:3)
  2 dart slugs
  3 giant geckos
  2 orcs (D:3)
  4 giant cockroaches
  4 goblins
  3 hobgoblins
  A ball python (D:2)
  3 bats
  5 giant newts
  2 kobolds
  2 rats
33 creatures vanquished.

Notes
Turn   | Place    | Note
--------------------------------------------------------------
     0 | D:1      | Firecrotchwizard the Demonspawn Gladiator began the quest for the Orb.
     0 | D:1      | Reached XP level 1. HP: 16/16 MP: 1/1
   284 | D:1      | Gained mutation: You have large cloven feet. [demonic ancestry]
   284 | D:1      | Reached XP level 2. HP: 18/22 MP: 2/2
  1137 | D:2      | Gained mutation: You regenerate a little health from kills. [demonic ancestry]
  1137 | D:2      | Reached XP level 3. HP: 27/27 MP: 3/3
  1521 | D:3      | Reached skill level 1 in Shields
  1521 | D:3      | Gained mutation: You regenerate health from kills. [demonic ancestry]
  1521 | D:3      | Reached XP level 4. HP: 34/34 MP: 4/4
  1530 | D:3      | Killed from afar by an orc priest

Skill      XL: |  1  2  3 |
---------------+----------+-----
Dodging        | 3 |  3.3
Polearms       | 3 |  3.3
Shields        | 1 |  1.0
Fighting       | |  2.3
Throwing       | |  1.9
Armour         | |  0.8

Action                   |  1- 3 |  4- 6 || total
-------------------------+-------+-------++-------
Melee: Trident           |   123 |     9 ||   132
       Kick              |    22 |     6 ||    28
  Eat: Beef jerky        |     1 |       ||     1
       Meat ration       |     1 |       ||     1
Armor: Leather armour    |    21 |       ||    21
       Chain mail        |    42 |     4 ||    46
Dodge: Dodged            |    40 |     1 ||    41
Block: Shield            |    42 |     2 ||    44
